 Dungeon Crawl Stone Soup version 0.31-a0-188-g5e087ee2ca (webtiles) character file.

Game seed: 13221473800513128800

68 qw the Shooter (level 4, -4/25 HPs)
             Began as a Deep Elf Hunter on June 23, 2023.
             Slain by a kobold
             ... wielding a +2 whip of electrocution
              (10 damage)
             ... on level 2 of the Dungeon.
             The game lasted 00:00:37 (1266 turns).

qw the Shooter (Deep Elf Hunter)                    Turns: 1266, Time: 00:00:37

Health: -4/25      AC:  9    Str: 10    XL:     4   Next: 1%
Magic:  6/6        EV: 11    Int: 14    God:
Gold:   81         SH:  0    Dex: 18    Spells: 3/3 levels left

rFire   . . .        Y - +0 shortbow
rCold   + . .        (shield currently unavailable)
rNeg    + . .        e - +3 ring mail {rN+}
rPois   .            c - +0 helmet
rElec   .            (no cloak)
rCorr   .            (no gloves)
SInv    .            (no boots)
Will    .....        (no amulet)
Stlth   +            (no ring)
HPRegen 0.24/turn    (no ring)
MPRegen 0.10/turn

%: no passive effects
@: no status effects
A: cold resistance 1
a: no special abilities


You were on level 2 of the Dungeon.
You visited 1 branch of the dungeon, and saw 2 of its levels.

You collected 81 gold pieces.


Innate Abilities, Weirdness & Mutations

Your flesh is cold resistant. (rC+)


   Skills:
 - Level 1.5 Fighting
 + Level 7.4 Ranged Weapons
 - Level 2.4 Dodging
 - Level 1.2 Stealth


You had 3 spell levels left.
You didn't know any spells.
Your spell library was empty.

Inventory:

Hand Weapons
 Y - a +0 shortbow (weapon)
Armour
 c - a +0 helmet (worn)
 e - a +3 ring mail of positive energy (worn)
 f - a +1 hat of intelligence
Jewellery
 k - a ring of resist corrosion
Scrolls
 b - a scroll of identify
 i - a scroll of acquirement {unknown}
Potions
 a - 2 potions of curing {unknown}
 d - a potion of mutation
 g - a potion of enlightenment {unknown}
 h - 2 potions of brilliance {unknown}
 j - a potion of resistance {unknown}

Dungeon Overview and Level Annotations

Branches:
Dungeon (2/15)

Altars:
Xom


Message History

The kobold is wielding a +2 whip of electrocution.
Found 10 gold pieces.
The kobold shouts!
Enter note:
Enter note:
Enter note:
Enter note:
Enter note:
Enter note:
Enter note:
Enter note:
Enter note: You shoot an arrow.
The arrow barely misses the kobold.
The arrow hits the hobgoblin!
You kill the hobgoblin!
You have reached level 4!
You feel clever.
You shoot an arrow. The arrow barely misses the kobold.
The kobold closely misses you.
The kobold hits you with a +2 whip of electrocution.
You shoot an arrow. The arrow closely misses the kobold.
The kobold barely misses you.
You shoot an arrow.
The arrow hits the kobold but does no damage.
The kobold barely misses you.
A rat comes into view.
You shoot an arrow. The arrow closely misses the kobold.
The kobold hits you with a +2 whip of electrocution.
You are electrocuted!
You shoot an arrow. The arrow barely misses the kobold.
The arrow closely misses the rat.
The kobold misses you.
You shoot an arrow. The arrow hits the kobold.
The kobold is moderately wounded.
The kobold hits you but does no damage. The rat bites you but does no damage.
You shoot an arrow. The arrow closely misses the kobold.
The kobold hits you with a +2 whip of electrocution.
The rat bites you but does no damage.
The kobold hits you with a +2 whip of electrocution.
You are electrocuted!
You die...

#### .# ##r%##.#.## ###
#$K@.#....## ..##
#..%$#..#.....## #..#
##..##.##......# ##.#
?.####..#.......# #.#
................# #.#
................# ##.####
#[..............#
#.....########...........#####
#.....##....)####>...........##


You could see a kobold and a rat.

Vanquished Creatures
  2 adders (D:2)
  A worm (D:2)
  A dart slug (D:1)
  6 endoplasms
  4 giant cockroaches
  2 goblins (D:2)
  4 hobgoblins
  5 quokkas
  6 ball pythons
  4 bats
  A frilled lizard (D:1)
  2 kobolds (D:1)
  5 rats
43 creatures vanquished.

Notes
Turn   | Place    | Note
-------+----------+-------------------------------------------
     0 | D:1      | qw the Deep Elf Hunter began the quest for the Orb.
     0 | D:1      | Reached XP level 1. HP: 12/12 MP: 3/3
     0 | D:1      | 0 ||| qw: Version: 0.3-a-9-g12657ce
     0 | D:1      | 0 ||| qw: Game counter: 3273
     0 | D:1      | 0 ||| qw: Always use a shield: true
     0 | D:1      | 0 ||| qw: God list: Okawaru
     0 | D:1      | 0 ||| qw: Allow faded altars: false
     0 | D:1      | 0 ||| qw: Do Orc after D:15 true
     0 | D:1      | 0 ||| qw: Do second Lair branch before Depths: true
     0 | D:1      | 0 ||| qw: Lair rune preference: random
     0 | D:1      | 0 ||| qw: Plans: Normal
     0 | D:1      | 0 ||| PLANNING D:1-11
   149 | D:1      | Reached skill level 6 in Ranged Weapons
   149 | D:1      | Reached XP level 2. HP: 16/16 MP: 4/4
   384 | D:1      | 384 ||| UPGRADING to +3 ring mail of positive energy.
   415 | D:1      | 415 ||| DROPPING +0 leather armour.
   420 | D:1      | Found a faded altar of an unknown god.
   624 | D:1      | 624 ||| UPGRADING to +0 helmet.
   763 | D:1      | 763 ||| DROPPING ring of wizardry.
   764 | D:1      | 764 ||| READING scroll labelled GAERACZ EJYUFI.
   765 | D:1      | 765 ||| READING scroll labelled XIOSEDW FUUTT.
   766 | D:1      | 766 ||| DRINKING 2 golden potions.
   766 | D:1      | Gained mutation: Your flesh is cold resistant. (rC+)
                  | [potion of mutation]
   767 | D:1      | 767 ||| DROPPING scroll of butterflies.
   806 | D:2      | Reached XP level 3. HP: 20/20 MP: 5/5
   871 | D:2      | Found a shimmering altar of Xom.
   927 | D:2      | Reached skill level 7 in Ranged Weapons
  1260 | D:2      | Reached XP level 4. HP: 25/25 MP: 6/6
  1266 | D:2      | HP: 6/25 [kobold/+2 whip of electrocution (1)]
  1266 | D:2      | Slain by a kobold

Levels and vault maps discovered:
D:1:      nzn_arrival_settlement, layout_basic,
          dreamdust_ecumenical_altar_hidden_monk_grotto
D:2:      minmay_evil_eye, layout_rooms, basic_altar, minmay_close_crescents,
          uniq_crazy_yiuf_cottage

Skill      XL: |  1  2  3 |
---------------+----------+-----
Ranged Weapons | 6 7 |  7.4
Fighting       | |  1.5
Dodging        | |  2.4
Stealth        | |  1.2

Action                     |  1- 3 |  4- 6 || total
---------------------------+-------+-------++-------
   Fire: Shortbow          |   114 |     7 ||   121
    Use: Scroll            |     2 |       ||     2
         Potion            |     1 |       ||     1
 Armour: Ring mail         |    19 |     3 ||    22
  Dodge: Dodged            |    28 |     4 ||    32

Table legend:
 A = Non-vault XP
 B = Vault XP
 C = Vault XP percentage of total XP
 D = Non-vault monster count
 E = Vault monster count
 F = Vault count percentage of total count
                 A         B        C        D         E       F
            +---------+---------+-------+---------+---------+-------
      Total |      74 |      24 |  24.5 |      37 |       6 |  14.0
            +---------+---------+-------+---------+---------+-------
        D:1 |      35 |       0 |   0.0 |      21 |       0 |   0.0
        D:2 |      39 |      24 |  38.1 |      16 |       6 |  27.3
            +---------+---------+-------+---------+---------+-------
